| TOP OF THE 1ST |
|
Joplin Blasters batting - Pitching for Victoria Capitals : RHP Joey Mallandaine
|
|
Pitching: RHP Joey Mallandaine
|
|
|
Batting: RHB John Normand
|
0-0: Called Strike 0-1: Ball 1-1: Ball 2-1: Ball 3-1: Base on Balls
|
|
Batting: RHB Mike McClung
|
0-0: Fly out, F7 (Line Drive, 7LM, EV 93.1 MPH)
|
|
Batting: SHB Gary Woodroffe
|
0-0: Called Strike 0-1: Ball 1-1: SINGLE (Groundball, 6MD, EV 94.4 MPH) John Normand to second
|
|
Batting: RHB Colin Padgett
|
0-0: Ball 1-0: Called Strike 1-1: Called Strike 1-2: Foul Ball, location: 2F 1-2: Fly out, F7 (Flyball, 78S, EV 89.4 MPH)
|
|
Batting: LHB Josh Lane
|
0-0: Ball 1-0: DOUBLE (Line Drive, 5D, EV 106.2 MPH) John Normand scores Gary Woodroffe to third Runner from 3rd tries for Home, SAFE, throw by LF to home
|
|
Batting: RHB Esteban Acuna
|
0-0: Ground out 4-3 (Groundball, 13, EV 87.5 MPH)
|
| Top of the 1st over - 2 runs, 2 hits, 0 errors, 1 left on base; Joplin 2 - Victoria 0 |
| BOTTOM OF THE 1ST |
|
Victoria Capitals batting - Pitching for Joplin Blasters : LHP Ben Mills
|
|
Pitching: LHP Ben Mills
|
|
|
Batting: RHB Ross Hallock
|
0-0: Called Strike 0-1: Called Strike 0-2: Ball 1-2: Foul Ball, location: 2F 1-2: Strikes out swinging
|
|
Batting: RHB Steve Carmichael
|
0-0: Foul Ball, location: 2F 0-1: Fly out, F9 (Flyball, 89M, EV 78.1 MPH)
|
|
Batting: RHB Jesus Santiago
|
0-0: Called Strike 0-1: Foul Ball, location: 2F 0-2: Ball 1-2: Ball 2-2: Foul Ball, location: 2F 2-2: Fly out, F7 (Flyball, 7D, EV 95.6 MPH)
|
| Bottom of the 1st over - 0 runs, 0 hits, 0 errors, 0 left on base; Joplin 2 - Victoria 0 |
| TOP OF THE 2ND |
|
Joplin Blasters batting - Pitching for Victoria Capitals : RHP Joey Mallandaine
|
|
Batting: LHB Willie Marquez
|
0-0: Called Strike 0-1: Swinging Strike 0-2: Ball 1-2: Strikes out swinging
|
|
Batting: RHB Bobby Leon
|
0-0: Ball 1-0: Foul Ball, location: 2F 1-1: Foul Ball, location: 2F 1-2: Strikes out swinging
|
|
Batting: RHB Danny Jefferies
|
0-0: Called Strike 0-1: Ball 1-1: Ground out 5-3 (Groundball, 5S, EV 86.9 MPH)
|
| Top of the 2nd over - 0 runs, 0 hits, 0 errors, 0 left on base; Joplin 2 - Victoria 0 |
| BOTTOM OF THE 2ND |
|
Victoria Capitals batting - Pitching for Joplin Blasters : LHP Ben Mills
|
|
Batting: RHB Rich Griffith
|
0-0: Ball 1-0: Fly out, F1 (Line Drive, P, EV 66.2 MPH)
|
|
Batting: RHB Josh Rentz
|
0-0: Foul Ball, location: 2F 0-1: Foul Ball, location: 2F 0-2: Ball 1-2: Ball 2-2: Strikes out swinging
|
|
Batting: SHB Rich Roberts
|
0-0: Called Strike 0-1: Swinging Strike 0-2: Ball 1-2: Strikes out swinging
|
| Bottom of the 2nd over - 0 runs, 0 hits, 0 errors, 0 left on base; Joplin 2 - Victoria 0 |
| TOP OF THE 3RD |
|
Joplin Blasters batting - Pitching for Victoria Capitals : RHP Joey Mallandaine
|
|
Batting: RHB John Normand
|
0-0: Called Strike 0-1: Ball 1-1: Ball 2-1: SINGLE (Line Drive, 56D, EV 100.6 MPH)
|
|
Batting: RHB Mike McClung
|
0-0: Swinging Strike 0-1: Ball 1-1: Ball 2-1: Fly out, F7 (Line Drive, 7, EV 96.9 MPH)
|
|
Batting: SHB Gary Woodroffe
|
0-0: Ball 1-0: Swinging Strike 1-1: Foul Ball, location: 2F 1-2: Foul Ball, location: 2F 1-2: Foul Ball, location: 2F 1-2: Strikes out swinging
|
|
Batting: RHB Colin Padgett
|
0-0: Foul Ball, location: 2F 0-1: Fielders Choice at 2nd, U4 (Groundball, 4M, EV 103.1 MPH)
|
| Top of the 3rd over - 0 runs, 1 hit, 0 errors, 1 left on base; Joplin 2 - Victoria 0 |
| BOTTOM OF THE 3RD |
|
Victoria Capitals batting - Pitching for Joplin Blasters : LHP Ben Mills
|
|
Batting: RHB Tristan Martin
|
0-0: Ball 1-0: Ball 2-0: Ball 3-0: Base on Balls
|
|
Batting: RHB John Britton
|
0-0: Ball 1-0: Called Strike 1-1: Swinging Strike 1-2: Strikes out swinging
|
|
Batting: LHB Jason Cary
|
0-0: Called Strike 0-1: Swinging Strike 0-2: Ball 1-2: Ball 2-2: Strikes out swinging
|
|
Batting: RHB Ross Hallock
|
0-0: Foul Ball, location: 2F 0-1: Foul Ball, location: 2F 0-2: Ball 1-2: 2-RUN HOME RUN (Flyball, 78XD, EV 97.5 MPH), Distance : 377 ft
|
|
Batting: RHB Steve Carmichael
|
0-0: Ball 1-0: Called Strike 1-1: Foul Ball, location: 2F 1-2: DOUBLE (Line Drive, 89XD, EV 104.4 MPH)
|
|
Batting: RHB Jesus Santiago
|
0-0: Foul Ball, location: 2F 0-1: Ball 1-1: Swinging Strike 1-2: Strikes out looking
|
| Bottom of the 3rd over - 2 runs, 2 hits, 0 errors, 1 left on base; Joplin 2 - Victoria 2 |
| TOP OF THE 4TH |
|
Joplin Blasters batting - Pitching for Victoria Capitals : RHP Joey Mallandaine
|
|
Batting: LHB Josh Lane
|
0-0: Called Strike 0-1: SINGLE (Flyball, 8RS, EV 87.5 MPH)
|
|
Batting: RHB Esteban Acuna
|
0-0: Foul Ball, location: 2F 0-1: Ball Josh Lane is caught stealing 2nd base 2-4 1-1: Swinging Strike 1-2: Strikes out swinging
|
|
Batting: LHB Willie Marquez
|
0-0: Ball 1-0: Fly out, F4 (Flyball, 34D, EV 91.2 MPH)
|
| Top of the 4th over - 0 runs, 1 hit, 0 errors, 0 left on base; Joplin 2 - Victoria 2 |
| BOTTOM OF THE 4TH |
|
Victoria Capitals batting - Pitching for Joplin Blasters : LHP Ben Mills
|
|
Batting: RHB Rich Griffith
|
0-0: Ball 1-0: Called Strike 1-1: Ball 2-1: Ball 3-1: Base on Balls
|
|
Batting: RHB Josh Rentz
|
0-0: Ball 1-0: Grounds into double play, 4-6-3 (Groundball, 4, EV 92.5 MPH)
|
|
Batting: SHB Rich Roberts
|
0-0: Fly out, F6 (Popup, 15, EV 88.1 MPH)
|
| Bottom of the 4th over - 0 runs, 0 hits, 0 errors, 0 left on base; Joplin 2 - Victoria 2 |
| TOP OF THE 5TH |
|
Joplin Blasters batting - Pitching for Victoria Capitals : RHP Joey Mallandaine
|
|
Batting: RHB Bobby Leon
|
0-0: Foul Ball, location: 2F 0-1: Ball 1-1: Ball 2-1: Called Strike 2-2: Foul Ball, location: 2F 2-2: Ball 3-2: Fly out, F8 (Flyball, 8RM, EV 83.8 MPH)
|
|
Batting: RHB Danny Jefferies
|
0-0: Called Strike 0-1: Fly out, F9 (Flyball, 89M, EV 92.5 MPH)
|
|
Batting: RHB John Normand
|
0-0: Ball 1-0: Ground out 5-3 (Groundball, 5, EV 109.4 MPH)
|
| Top of the 5th over - 0 runs, 0 hits, 0 errors, 0 left on base; Joplin 2 - Victoria 2 |
| BOTTOM OF THE 5TH |
|
Victoria Capitals batting - Pitching for Joplin Blasters : LHP Ben Mills
|
|
Batting: RHB Tristan Martin
|
0-0: Ball 1-0: Reached on error, E1 (Groundball, 15S, EV 63.1 MPH)
|
|
Batting: RHB John Britton
|
0-0: Ball 1-0: Ball 2-0: Foul Ball, location: 2F 2-1: Swinging Strike 2-2: Ball 3-2: Base on Balls Tristan Martin to second
|
|
Batting: LHB Jason Cary
|
0-0: Called Strike 0-1: Ball 1-1: Ball 2-1: Called Strike 2-2: Ball 3-2: Strikes out swinging
|
|
Batting: RHB Ross Hallock
|
0-0: Ball 1-0: Ball 2-0: 3-RUN HOME RUN (Flyball, 89XD, EV 100.6 MPH), Distance : 398 ft
|
|
Batting: RHB Steve Carmichael
|
0-0: Ball 1-0: Called Strike 1-1: Swinging Strike 1-2: Strikes out swinging
|
|
Batting: RHB Jesus Santiago
|
0-0: Ball 1-0: Ball 2-0: Called Strike 2-1: Ball 3-1: Foul Ball, location: 2F 3-2: Foul Ball, location: 2F 3-2: Foul Ball, location: 2F 3-2: Hit by Pitch
|
|
Batting: RHB Rich Griffith
|
0-0: Foul Ball, location: 2F 0-1: Ball 1-1: Ball 2-1: Fly out, F8 (Flyball, 89M, EV 89.4 MPH)
|
| Bottom of the 5th over - 3 runs, 1 hit, 1 error, 1 left on base; Joplin 2 - Victoria 5 |
| TOP OF THE 6TH |
|
Joplin Blasters batting - Pitching for Victoria Capitals : RHP Joey Mallandaine
|
|
Batting: RHB Mike McClung
|
0-0: Called Strike 0-1: Foul Ball, location: 2F 0-2: Strikes out looking
|
|
Batting: SHB Gary Woodroffe
|
0-0: Ball 1-0: Ball 2-0: Foul Ball, location: 2F 2-1: Foul Ball, location: 2F 2-2: Strikes out looking
|
|
Batting: RHB Colin Padgett
|
0-0: Ball 1-0: Ball 2-0: Foul Ball, location: 2F 2-1: Swinging Strike 2-2: Ground out 4-3 (Groundball, P, EV 92.5 MPH)
|
| Top of the 6th over - 0 runs, 0 hits, 0 errors, 0 left on base; Joplin 2 - Victoria 5 |
| BOTTOM OF THE 6TH |
|
Victoria Capitals batting - Pitching for Joplin Blasters : LHP Ben Mills
|
|
Pitching: LHP Adrian Sanchez
|
|
|
Batting: RHB Josh Rentz
|
0-0: Ball 1-0: Swinging Strike 1-1: Swinging Strike 1-2: Foul Ball, location: 2F 1-2: Ball 2-2: Strikes out swinging
|
|
Batting: SHB Rich Roberts
|
0-0: Called Strike 0-1: Foul Ball, location: 2F 0-2: Ball 1-2: Ball 2-2: Ball 3-2: Strikes out swinging, 2-3 out at first.
|
|
Batting: RHB Tristan Martin
|
0-0: Called Strike 0-1: Foul Ball, location: 2F 0-2: Foul Ball, location: 2F 0-2: Ball 1-2: Strikes out swinging
|
| Bottom of the 6th over - 0 runs, 0 hits, 0 errors, 0 left on base; Joplin 2 - Victoria 5 |
| TOP OF THE 7TH |
|
Joplin Blasters batting - Pitching for Victoria Capitals : RHP Joey Mallandaine
|
|
Now in LF: Steve Carmichael
|
|
|
Now in CF: Matt Hepburn
|
|
|
Batting: LHB Josh Lane
|
0-0: Called Strike 0-1: Ball 1-1: Ground out U3 (Groundball, 3, EV 104.4 MPH)
|
|
Batting: RHB Esteban Acuna
|
0-0: Ground out 5-3 (Groundball, 5, EV 77.5 MPH)
|
|
Batting: LHB Willie Marquez
|
0-0: Called Strike 0-1: Ball 1-1: Foul Ball, location: 2F 1-2: Strikes out looking
|
| Top of the 7th over - 0 runs, 0 hits, 0 errors, 0 left on base; Joplin 2 - Victoria 5 |
| BOTTOM OF THE 7TH |
|
Victoria Capitals batting - Pitching for Joplin Blasters : LHP Adrian Sanchez
|
|
Batting: RHB John Britton
|
0-0: Ground out 6-3 (Groundball, 6M, EV 84.4 MPH)
|
|
Batting: LHB Jason Cary
|
0-0: Ground out U3 (Groundball, 3, EV 89.4 MPH)
|
|
Batting: RHB Ross Hallock
|
0-0: Ball 1-0: Ball 2-0: Called Strike 2-1: Foul Ball, location: 2F 2-2: Foul Ball, location: 2F 2-2: Ball 3-2: Foul Ball, location: 2F 3-2: Ground out U3 (Groundball, 34S, EV 63.8 MPH)
|
| Bottom of the 7th over - 0 runs, 0 hits, 0 errors, 0 left on base; Joplin 2 - Victoria 5 |
| TOP OF THE 8TH |
|
Joplin Blasters batting - Pitching for Victoria Capitals : RHP Joey Mallandaine
|
|
Pitching: LHP Matt Lee
|
|
|
Batting: RHB Bobby Leon
|
0-0: Called Strike 0-1: Ball 1-1: Swinging Strike 1-2: Strikes out swinging
|
|
Batting: RHB Danny Jefferies
|
0-0: Called Strike 0-1: Ball 1-1: Swinging Strike 1-2: Foul Ball, location: 2F 1-2: Ball 2-2: Ground out 1-3 (Groundball, 34S, EV 69.4 MPH)
|
|
Batting: RHB John Normand
|
0-0: Ball 1-0: Ball 2-0: Swinging Strike 2-1: Foul Ball, location: 2F 2-2: Strikes out swinging
|
| Top of the 8th over - 0 runs, 0 hits, 0 errors, 0 left on base; Joplin 2 - Victoria 5 |
| BOTTOM OF THE 8TH |
|
Victoria Capitals batting - Pitching for Joplin Blasters : LHP Adrian Sanchez
|
|
Batting: RHB Steve Carmichael
|
0-0: Called Strike 0-1: Foul Ball, location: 2F 0-2: Ball 1-2: SOLO HOME RUN (Flyball, 78XD, EV 99.4 MPH), Distance : 380 ft
|
|
Batting: RHB Jesus Santiago
|
0-0: Ball 1-0: Called Strike 1-1: Called Strike 1-2: Strikes out swinging
|
|
Batting: RHB Rich Griffith
|
0-0: Ball 1-0: Foul Ball, location: 2F 1-1: Fly out, F9 (Line Drive, 89M, EV 86.9 MPH)
|
|
Batting: RHB Josh Rentz
|
0-0: Swinging Strike 0-1: Swinging Strike 0-2: Ball 1-2: Strikes out swinging
|
| Bottom of the 8th over - 1 run, 1 hit, 0 errors, 0 left on base; Joplin 2 - Victoria 6 |
| TOP OF THE 9TH |
|
Joplin Blasters batting - Pitching for Victoria Capitals : LHP Matt Lee
|
|
Batting: RHB Mike McClung
|
0-0: Fly out, F6 (Popup, 6D, EV 61.2 MPH)
|
|
Batting: SHB Gary Woodroffe
|
0-0: Called Strike 0-1: Ball 1-1: Ball 2-1: Ball 3-1: Foul Ball, location: 2F 3-2: Ground out 6-3 (Groundball, 6, EV 108.8 MPH)
|
|
Batting: RHB Colin Padgett
|
0-0: Called Strike 0-1: SINGLE (Line Drive, 89M, EV 106.9 MPH)
|
|
Pinch Hitting: RHB Dustin Peterson
|
0-0: Ball 1-0: Ball 2-0: Swinging Strike 2-1: Foul Ball, location: 2F 2-2: Strikes out swinging
|
| Top of the 9th over - 0 runs, 1 hit, 0 errors, 1 left on base; Joplin 2 - Victoria 6 |
|